Map: Disco Bloodbath LE

Players

Ziggy

  • Race: Terran Terran
  • Spawn Location: 3:00

Denver - Winner!

  • Race: Zerg Zerg
  • Spawn Location: 9:00

VOD

Have the link to the VOD?

Description

Time

  • Played on: Sept. 6, 2019, 1:11 p.m.
  • Length: 7:33
Show
View Real Time Build Order
Export as new Build Order

Ziggy Terran 

Build Orders:  

Get SALT Encoding   

  12  0:00  SCV  
  13  0:13  SCV  
  14  0:18  Supply Depot  
  14  0:25  SCV  
  15  0:40  Barracks  
  15  0:51  Barracks  
  15  1:03  Barracks  
  15  1:07  SCV  
  16  1:19  SCV  
  17  1:27  Marine  
  17  1:31  Orbital Command  
  18  1:35  Supply Depot  
  18  1:39  Marine  
  19  1:44  Marine  
  20  1:50  Marine  
  21  1:57  Marine  
  22  2:02  Marine  
  22  2:08  Marine  
  23  2:11  Bunker  
  23  2:13  Bunker  
  23  2:14  Marine  
  23  2:32  Marine  
  23  2:37  SCV  
  23  2:41  Marine  
  25  2:48  Marine  
  25  2:49  SCV  
  25  2:53  Marine  
  26  2:58  Marine  
  26  2:59  Refinery  
  26  3:00  Refinery  
  26  3:01  SCV  
  28  3:06  Marine  
  28  3:12  Command Center  
  29  3:15  Marine  
  29  3:16  SCV  
  24  3:30  SCV  
  24  3:31  Supply Depot  
  24  3:32  Marine  
  26  3:49  Factory  
  19  3:56  SCV  
  20  4:08  SCV  
  21  4:20  SCV  
  21  4:23  Orbital Command  
  22  4:32  SCV  
  22  4:33  Hellion  
  22  4:35  Starport  
  25  4:44  SCV  
  26  4:49  SCV  
  27  4:53  Marine  
  27  4:56  SCV, Factory Reactor  
  27  4:58  Marine x2  
  31  5:04  SCV  
  32  5:09  SCV  
  32  5:10  Marine  
  34  5:14  Viking  
  34  5:16  Marine, SCV  
  34  5:21  SCV  
  39  5:22  Marine, Orbital Command  
  40  5:28  Marine  
  40  5:32  Hellion x2  
  40  5:34  Marine  
  46  5:40  Marine, Armory  
  47  5:45  Medivac  
  47  5:46  Marine  
  50  5:52  Marine  
  50  5:54  Hellion  
  53  5:58  Marine  
  54  6:13  Supply Depot  
  54  6:14  Supply Depot  
  54  6:16  Marine x2  
  54  6:17  Medivac, Hellion  
  60  6:22  Marine  
  61  6:31  SCV  
  62  6:35  Marine, SCV, Hellion  
  66  6:47  Hellion  
  68  6:49  SCV  
  71  6:55  SCV  
  71  6:56  Barracks Tech Lab  
  71  6:57  Barracks Tech Lab  
  71  6:58  Barracks Reactor  
  71  7:00  Hellion  
  71  7:01  SCV  
  73  7:07  SCV  
  73  7:08  Hellion  
  76  7:13  SCV  
  76  7:14  Command Center  
  77  7:22  Supply Depot  
Show
View Real Time Build Order
Export as new Build Order

Denver Zerg - Winner!

Build Orders: Hatch First 

Get SALT Encoding   

  12  0:01  Drone  
  13  0:13  Overlord  
  13  0:17  Drone  
  14  0:32  Drone x2  
  16  0:48  Hatchery  
  15  0:51  Drone  
  15  0:55  Drone  
  17  0:58  Drone  
  18  1:10  Extractor  
  17  1:13  Spawning Pool  
  17  1:17  Drone  
  17  1:20  Drone  
  18  1:29  Drone  
  19  2:00  Queen x2  
  19  2:01  Zergling x8  
  27  2:11  Zergling x2  
  28  2:18  Metabolic Boost  
  25  2:33  Zergling x6  
  27  2:43  Zergling x4  
  26  2:50  Zergling x4  
  27  2:57  Zergling x2  
  28  2:59  Overlord  
  28  3:15  Queen  
  24  3:20  Queen  
  24  3:25  Drone  
  27  3:29  Zergling x2  
  27  3:33  Zergling x2  
  29  3:36  Zergling x2  
  30  3:42  Zergling x2  
  30  3:43  Zergling x2  
  31  3:54  Drone x4  
  34  4:04  Drone  
  34  4:09  Overlord  
  35  4:14  Drone  
  36  4:24  Hatchery  
  36  4:27  Drone  
  36  4:29  Drone  
  37  4:32  Drone  
  37  4:34  Drone  
  37  4:36  Drone  
  40  4:39  Drone  
  40  4:45  Overlord  
  41  4:49  Drone x2  
  41  4:50  Drone  
  44  4:59  Overlord  
  44  5:07  Drone  
  44  5:08  Drone x4  
  44  5:11  Overlord  
  49  5:16  Pneumatized Carapace  
  49  5:18  Overlord  
  49  5:20  Drone  
  49  5:21  Drone  
  51  5:28  Queen  
  51  5:35  Drone x2  
  54  5:36  Roach Warren  
  54  5:40  Extractor  
  53  5:43  Overlord  
  53  5:44  Drone  
  53  5:45  Drone x2  
  53  5:49  Drone x2  
  58  5:54  Overlord  
  58  5:56  Drone  
  58  5:57  Drone x2  
  61  5:59  Drone x2  
  62  6:09  Overlord  
  62  6:20  Roach x6  
  62  6:24  Roach x2  
  77  6:28  Roach x2  
  77  6:29  Overlord  
  81  6:33  Overlord  
  81  6:37  Extractor  
  80  6:41  Roach x3  
  80  6:46  Drone x4  
  80  6:47  Drone  
  88  6:52  Roach x2  
  89  6:54  Roach  
  93  7:04  Roach  
  93  7:05  Overlord  
  95  7:11  Zergling x2  
  95  7:12  Zergling x10, Roach  
  103  7:17  Ravager  
  103  7:18  Drone x2  
  103  7:19  Extractor  
Tags
 
Add a new tag
Caveats
  • Supply blocks, unpowered buildings, or Contaminate may cause inaccurate times.
  • Supply counts are checked every 10 seconds.